Unix NetHack Version 5.0.0-0 post-release - last build Jun 10 2026 00:39:30 (3ee93aec679c4c4259841fe613dc97188e26a321,branch:main).

Game began 2026-06-23 21:22:08, ended 2026-06-23 21:49:52.

GdeVolpiano, neutral male human Archeologist

                   ---   -----
                   |.|   |...
                   -.|   |..
                    .|   +..-
                   -.|   |..|
                   |.-----..|
  --    --   -------........|
  -.---- ..---...||.... ....|----
  .....   -......--..----...|m.(|
 --...----...........|..+...|@d(|
 |.-...|....|........| .....|..@|
--........----....--.--.-...--|-|
|.........|  ---..||..[|......G.|
--.<......-    ----|...|).#...B.----  |
 ---........|      |...|.....{........|
   ---.|....-      |...--[.|.[..#.....-
     ----....|     |.......|-............
        ---..|     |.---------..|..|.-----
           ---     ---       ---------
GdeVolpiano the Investigator  St:15 Dx:15 Co:14 In:17 Wi:12 Ch:11  Neutral
Dlvl:8  $:85 HP:0(51) Pw:30(30) AC:-1 Xp:6 T:3725  Lev

Latest messages:
 You cannot escape from the large mimic!
 You cannot escape from the large mimic!
 You hear a door open.
 You miss the large mimic.
 The small mimic hits!
 You hit the large mimic.
 The large mimic hits!
 You miss the large mimic.
 The small mimic misses!
 You hit the large mimic!
 The small mimic hits!
 You hit the large mimic.
 You hit the large mimic!
 You hear a chugging sound.
 The small mimic misses!
 You feel more confident in your weapon skills.
 You hit the large mimic!
 The large mimic hits!
 #
 You are now more skilled in saber.
 You kill the large mimic!
 Indy eats a large mimic corpse.
 You see a tripe ration appear where Indy was!
 The small mimic hits!
 You hit the small mimic!
 You hit the small mimic.
 You hit the small mimic.
 You hit the small mimic!
 You hit the small mimic.
 The small mimic hits!
 You hit the small mimic!
 You hit the small mimic!
 The small mimic hits!
 You miss the small mimic.
 Indy misses the small mimic.
 What do you want to drink? [jY or ?*]
 You start to float in the air!
 Indy bites the small mimic.
 The small mimic hits Indy.
 The small mimic misses!
 What do you want to drink? [Y or ?*]
 Magical energies course through your body.
 #
 Are you sure you want to pray? [yn] (n)
 You begin praying to Camaxtli.
 The small mimic hits!
 You die...
 Izchak gratefully inherits all your possessions.
 Do you want to see what you had when you died? [ynq] (y)
 Do you want to see your attributes? [ynq] (y)

Inventory:
 Coins    ('$')
  $ - 85 gold pieces
 Amulets  ('"')
  x - an uncursed amulet of flying
 Weapons  (')')
  n - a +0 elven dagger
  a - a +2 bullwhip
  T - a +0 scimitar (weapon in right hand)
 Armor    ('[')
  s - an uncursed +0 dwarvish iron helm (being worn)
  c - an uncursed +0 fedora
  C - an uncursed +0 pair of jumping boots (being worn)
  D - an uncursed +0 pair of water walking boots
  L - a cursed +0 shield of reflection (being worn)
  t - an uncursed +0 dwarvish mithril-coat (being worn)
 Comestibles  ('%')
  f - an uncursed fig
  d - 5 uncursed food rations
  Z - an uncursed lizard corpse
 Scrolls  ('?')
  r - an uncursed scroll of blank paper
  b - an uncursed scroll of enchant weapon
  W - an uncursed scroll of magic mapping
 Rings    ('=')
  S - an uncursed +1 ring of adornment
  m - an uncursed +1 ring of increase damage
  q - a cursed ring of polymorph
  w - an uncursed ring of polymorph control
 Wands    ('/')
  k - a wand of teleportation (0:3)
 Tools    ('(')
  h - an uncursed sack containing 4 items
  I - an uncursed tooled horn
  U - a blessed can of grease (0:11)
  R - an uncursed stethoscope
 Gems/Stones  ('*')
  p - an uncursed opal
  g - an uncursed touchstone

Contents of the sack:
  a +0 pick-axe
  2 uncursed citrine stones
  a cursed topaz stone
  2 uncursed worthless pieces of white glass

GdeVolpiano the Archeologist's attributes:

Background:
 You were an Investigator, a level 6 male human Archeologist.
 You were neutral, on a mission for Camaxtli
 who was opposed by Quetzalcoatl (lawful) and Huhetotl (chaotic).
 You were right-handed.
 You were in the Gnomish Mines, on level 8.
 You entered the dungeon 3725 turns ago.
 You had 638 experience points, 2 more were needed to attain level 7.

Basics:
 You had 0 out of 51 hit points.
 You had all 30 energy points (spell power).
 Your armor class was -1.
 Your wallet contained 85 zorkmids.
 Autopickup was on, but temporarily disabled while inside the shop.

Final Characteristics:
 Your strength was 15 (limit:18/100).
 Your dexterity was 15 (limit:18).
 Your constitution was 14 (limit:18).
 Your intelligence was 17 (limit:18).
 Your wisdom was 12 (limit:18).
 Your charisma was 11 (limit:18).

Final Status:
 You were levitating.
 You weren't hungry.
 You were unencumbered.
 You were wielding a saber.
 You were skilled in saber.

Final Attributes:
 You were piously aligned.
 You were poison resistant.
 You had automatic searching.
 You were stealthy.
 You could jump.
 You were guarded.
 You had reflection.
 You are dead.

Miscellaneous:
 You didn't encounter any bones levels.
 Total elapsed playing time was 27 minutes and 42 seconds.

Major events:
 Turn
    1: GdeVolpiano the neutral male human Archeologist entered the dungeon
  953: attained the rank of Field Worker (level 3)
 1508: entered the Gnomish Mines
 2834: attained the rank of Investigator (level 6)
 3616: reached Mine Town
 3725: killed by a small mimic, while praying

You didn't know any spells.

Skills:
 Fighting Skills
   bare handed combat [Unskilled]
   two weapon combat  [Unskilled]
   riding             [Unskilled]
 Weapon Skills
   dagger             [Unskilled]
   knife              [Unskilled]
   pick-axe           [Basic]
   short sword        [Unskilled]
   saber              [Skilled]
   club               [Unskilled]
   quarterstaff       [Unskilled]
   sling              [Unskilled]
   dart               [Unskilled]
   boomerang          [Unskilled]
   whip               [Skilled]
   unicorn horn       [Unskilled]
 Spellcasting Skills
   attack spells      [Unskilled]
   healing spells     [Unskilled]
   divination spells  [Unskilled]
   matter spells      [Unskilled]

Voluntary challenges:
 Character rerolling was not enabled.
 You never genocided any monsters.
 You never polymorphed an object.
 You never changed form.
 You used no wishes.
Achievements:
 You attained the rank of Field Worker.
 You entered the Gnomish Mines.
 You entered a shop.
 You attained the rank of Investigator.
 You entered Minetown.

 The Dungeons of Doom: levels 1 to 5
    Level 1:
    Level 2:
    Level 3:
    Level 4:
       An armor shop, a fountain, a grave.
       Stairs down to The Gnomish Mines.
    Level 5:
 The Gnomish Mines: levels 5 to 8
    Level 5:
    Level 6:
    Level 7:
    Level 8: <- You were here.
       A lighting shop, a fountain, some trees.
       Final resting place for
          you, killed by a small mimic, while praying.


Vanquished creatures:
  a large mimic
  a small mimic
  a lizard
  a rock mole
  2 ponies
  3 shriekers
  4 gnome leaders
  a gnomish wizard
  a ghoul
  a paper golem
  a floating eye
  9 dwarves
  5 hill orcs
 an iguana
 an acid blob
  a coyote
  2 hobbits
  6 manes
  a large kobold
  a giant rat
  a cave spider
  a yellow mold
 25 gnomes
  5 geckos
  7 jackals
  2 kobolds
  3 goblins
  a sewer rat
  4 grid bugs
  3 lichens
  a kobold zombie
  7 newts
104 creatures vanquished.

No species were genocided or became extinct.

Game over:
                       ----------
                      /          \
                     /    REST    \
                    /      IN      \
                   /     PEACE      \
                  /                  \
                  |   GdeVolpiano    |
                  |      85 Au       |
                  |   killed by a    |
                  |   small mimic    |
                  |                  |
                  |                  |
                  |       2026       |
                 *|     *  *  *      | *
        _________)/\\_//(\/(/\)/\//\/|_)_______

Goodbye GdeVolpiano the Archeologist...

You died in The Gnomish Mines on dungeon level 8 with 3009 points,
and 85 pieces of gold, after 3725 moves.
You were level 6 with a maximum of 51 hit points when you died.

